 Dungeon Crawl Stone Soup version 0.31-a0-460-g9e667d4245 (webtiles) character file.

Game seed: 2909184808413498161

86 Maratek the Ruffian (level 4, 0/35 HPs)
             Began as a Draconian Shapeshifter on Aug 4, 2023.
             Slain by Sigmund
             ... wielding a +0 scythe
              (7 damage)
             ... on level 3 of the Dungeon.
             The game lasted 00:01:56 (1840 turns).

Maratek the Ruffian (Draconian Shapeshifter)        Turns: 1840, Time: 00:01:56

Health: 0/35       AC:  5    Str: 18    XL:     4   Next: 27%
Magic:  4/4        EV: 12    Int:  8    God:
Gold:   35         SH:  0    Dex: 13    Spells: 3/3 levels left

rFire   . .          .
                       - Unarmed
rCold   . . .        (no shield)
rNeg    . . .        (body armour unavailable)
rPois   .            (helmet currently unavailable)
rElec   .            (cloak currently unavailable)
rCorr   .            (gloves currently unavailable)
SInv    .            (boots currently unavailable)
Will    .....        (no amulet)
Stlth   +            (no ring)
HPRegen 0.25/turn    (no ring)
MPRegen 0.09/turn

%: no passive effects
@: confused, beast-form
A: beast (slay +2), AC +5, unfitting armour, cold-blooded
a: Begin Untransformation


You were on level 3 of the Dungeon.
You were a hulking beast.
You visited 1 branch of the dungeon, and saw 3 of its levels.

You collected 35 gold pieces.

Inventory:

Talismans
 b - a beast talisman (active)
Scrolls
 d - 2 scrolls of fear {unknown}
 f - 2 scrolls of teleportation {unknown}
 h - a scroll of butterflies {unknown}
 j - 3 scrolls of identify {unknown}
 l - a scroll of silence {unknown}
Potions
 a - a potion of lignification
 c - a potion of mutation {unknown}
 e - 3 potions of curing
 g - a potion of degeneration {unknown}
 i - 2 potions of might {unknown}
 k - 2 potions of resistance {unknown}
 m - a potion of haste {unknown}


   Skills:
 + Level 1.3 Fighting
 + Level 2.1 Dodging
 + Level 3.9 Unarmed Combat
 + Level 3.8 Shapeshifting


You had 3 spell levels left.
You didn't know any spells.
Your spell library contained the following spells:

 Spells                   Type           Power      Damage    Failure   Level
 Magic Dart               Conj           0%         1d3       41%         1
 Call Imp                 Summ           0%         N/A       54%         2
 Cigotuvi's Dreadful Rot  Necr/Pois/Air  0%         N/A       54%         2
 Mephitic Cloud           Conj/Pois/Air  0%         N/A       78%         3
 Dispel Undead            Necr           0%         3d6       99%         4
 Death Channel            Necr           0%         N/A       100%        6


Dungeon Overview and Level Annotations

Branches:
Dungeon (3/15)

Altars:

Annotations:
D:3 Sigmund


Innate Abilities, Weirdness & Mutations

You are a hulking beast.
Your limbs bulge with bestial killing power. (Slay +2)
Your plain brown scales are hard. (AC +5)
You cannot fit into any form of body armour.
You are cold-blooded and may be slowed by cold attacks.


Message History

Sigmund is nearby!
Sigmund casts a spell.
Sigmund flickers and vanishes!
Deactivating autopickup; reactivate with Ctrl-A.
Something hits you.
You hit something.
You hear some strange, mumbled words.
A puff of flame appears from out of thin air!
The puff of flame hits you.
You hit something.
You hear some strange, mumbled words.
Something tries to affect you, but you resist.
You hit something.
You hear some strange, mumbled words.
A magic dart appears from out of thin air!
The magic dart hits you.
You closely miss something. Something hits you.
* * * LOW HITPOINT WARNING * * *
You hit something. You barely miss something. Something barely misses you.
It was a potion of curing.
You feel better.
You barely miss something. Something hits you!
* * * LOW HITPOINT WARNING * * *
You closely miss something.
You hear some strange, mumbled words.
You are confused.
You barely miss something.
You hear some strange, mumbled words.
A magic dart appears from out of thin air!
The magic dart hits you.
* * * LOW HITPOINT WARNING * * *
You bump into the rock wall.
You hear some strange, mumbled words.
Something tries to affect you, but you resist.
You bump into the rock wall.
Something hits you but does no damage.
You bump into the rock wall.
Something hits you.
* * * LOW HITPOINT WARNING * * *
Something hits you!
You die...

..................)†.....
.........#######.##'###..
....#......# #.##.# ###
#......# #.##.# #......#
#.##.# #......# #.##.#
#......# #.##.#
####'#######.##.#
#h.{...... #.#
############.#
#.......†....#
#.############ #.# #.#
#.# #.################
#.............##..


There were no monsters in sight!

Vanquished Creatures
  6 adders
  A worm (D:2)
  3 dart slugs
  2 bats
  An endoplasm (D:2)
  2 goblins (D:2)
  3 hobgoblins
  A quokka (D:1)
  3 ball pythons
  2 frilled lizards (D:3)
  A kobold (D:3)
  3 rats (D:2)
28 creatures vanquished.

Notes
Turn   | Place    | Note
-------+----------+-------------------------------------------
     0 | D:1      | Maratek the Draconian Shapeshifter began the quest for the
                  | Orb.
     0 | D:1      | Reached XP level 1. HP: 16/16 MP: 1/1
   442 | D:1      | You fall into a shaft and drop 1 floor!
   494 | D:2      | Reached XP level 2. HP: 23/23 MP: 2/2
   836 | D:2      | Reached XP level 3. HP: 6/28 MP: 3/3
  1776 | D:3      | Reached XP level 4. HP: 35/35 MP: 4/4
  1824 | D:3      | Noticed Sigmund
  1840 | D:3      | Slain by Sigmund

Illustrated notes

Levels and vault maps discovered:
D:1:      dpeg_arrival_rooms_with_view, layout_basic, grunt_decor_clamped
D:2:      layout_basic, kennysheep_generic_room_8
D:3:      layout_basic, uniq_sigmund, uniq_terence

Skill      XL: |  1  2  3  4 |
---------------+-------------+-----
Dodging        | 2 |  2.1
Fighting       | |  1.3
Unarmed Combat | |  3.9
Shapeshifting  | |  3.8

Action                     |  1- 3 |  4- 6 || total
---------------------------+-------+-------++-------
  Melee: Unarmed           |    78 |    16 ||    94
         Tailslap          |    12 |     1 ||    13
    Use: Potion            |       |     1 ||     1
 Armour: Skin              |    23 |     4 ||    27
  Dodge: Dodged            |    42 |     4 ||    46
         Form:             |     1 |       ||     1
         Beast             |     1 |       ||     1

Table legend: (Time is in decaauts)
 A = Elapsed time spent in this place.
 B = Non-inter-level travel time spent in this place.
 C = Inter-level travel time spent in this place.
 D = Time resting spent in this place.
 E = Time spent auto-exploring this place.
 F = Levels seen in this place.
 G = Mean time per level.
                   A        B        C        D        E       F      G
               +--------+--------+--------+--------+--------+-----+--------+
         Total |   1834 |   1834 |      0 |    144 |   1419 |   3 |  611.3 |
       Dungeon |   1834 |   1834 |      0 |    144 |   1419 |   3 |  611.3 |
               +--------+--------+--------+--------+--------+-----+--------+

Top non-repeatable levels by time:
     D:2: 1249 daAuts
     D:1: 441 daAuts
     D:3: 142 daAuts
